 Dungeon Crawl Stone Soup version 0.23.2-40-g277498a001 (webtiles) character file.

Game seed: 10139147611528381735

203 ANON1729 the Grave Robber (level 5, -4/35 HPs)
             Began as a Mummy Necromancer on Oct 20, 2019.
             Killed from afar by an orc wizard (13 damage)
             ... with a puff of flame
             ... on level 3 of the Dungeon.
             The game lasted 00:08:28 (3976 turns).

ANON1729 the Grave Robber (Mummy Necromancer)       Turns: 3976, Time: 00:08:29

Health: -4/35      AC:  2    Str: 11    XL:     5   Next: 51%
Magic:  4/11       EV: 12    Int: 15    God:
Gold:   111        SH:  0    Dex: 13    Spells: 3/12 levels left

rFire    x . .     SeeInvis .   h - staff of wizardry
rCold    + . .     Gourm    .   (no shield)
rNeg     + + +     Faith    .   a - +0 robe
rPois    ∞         Spirit   .   (no helmet)
rElec    .         Reflect  .   (no cloak)
rCorr    .         Harm     .   (no gloves)
MR       .....                  (no boots)
Stlth    ++........             (no amulet)
HPRegen  0.11/turn              (no ring)
MPRegen  0.12/turn              (no ring)

@: no status effects
A: no food or potions, fire vulnerability, cold resistance 1, negative energy
resistance 3, torment resistance, unbreathing
a: no special abilities


You were on level 3 of the Dungeon.
You were not hungry.

You visited 1 branch of the dungeon, and saw 4 of its levels.

You collected 111 gold pieces.

Inventory:

Hand Weapons
 d - a +0 club
 i - a +2 dagger of venom
Armour
 a - a +0 robe (worn)
Magical Staves
 h - an uncursed staff of wizardry (weapon)
Wands
 g - a wand of flame (22)
Scrolls
 b - 3 scrolls of teleportation {unknown}
 c - 6 scrolls of identify {unknown}
 e - a scroll of remove curse {unknown}
 f - a scroll of amnesia {unknown}


   Skills:
 + Level 0.9 Staves
 + Level 2.3 Dodging
 + Level 2.5 Stealth
 * Level 4.4 Spellcasting
 * Level 5.0 Necromancy


You had 3 spell levels left.
You knew the following spells:

 Your Spells              Type           Power        Failure   Level  Hunger
a - Pain                  Necr           ###.         1%          1    N/A
b - Animate Skeleton      Necr           N/A          1%          1    N/A
c - Vampiric Draining     Necr           ###.......   2%          3    N/A
d - Animate Dead          Necr           N/A          9%          4    N/A

Your spell library contained the following spells:

 Spells                   Type           Power        Failure   Level  Hunger
 Magic Dart               Conj           #...         7%          1    N/A
 Blink                    Tloc           N/A          11%         2    N/A
 Call Imp                 Summ           #.......     11%         2    N/A
 Slow                     Hex            #.......     11%         2    N/A
 Conjure Flame            Conj/Fire      #.......     21%         3    N/A
 Mephitic Cloud           Conj/Pois/Air  #.......     21%         3    N/A
 Regeneration             Chrm/Necr      Unusable     N/A         3    N/A

Dungeon Overview and Level Annotations

Branches:
Dungeon (4/15)
 Temple: D:4-7

Altars:
Fedhas
Gozag
Makhleb
Vehumet


Innate Abilities, Weirdness & Mutations

You do not eat or drink.
Your flesh is vulnerable to fire.
You are immune to poison.
Your flesh is cold resistant. (rC+)
You are immune to negative energy. (rN+++)
You are immune to unholy pain and torment.
You can survive without breathing.


Message History

* * * LOW HITPOINT WARNING * * *
You climb upwards.
There is a stone staircase leading down here.
Casting: Pain (safe; 1% risk of failure)
Confirm with . or Enter, or press ? or * to list all spells.
Aiming: Vampiric Draining (safe; 2% risk of failure)
Press: ? - help, Shift-Dir - straight line, f - orc wizard
Aim: an orc wizard, wielding a +0 dagger and wearing a +0 robe (fast)
The orc wizard is heavily wounded.
You feel life coursing into your body. The orc wizard barely misses you.
Casting: Vampiric Draining (safe; 2% risk of failure)
Confirm with . or Enter, or press ? or * to list all spells.
Aiming: Vampiric Draining (safe; 2% risk of failure)
Press: ? - help, Shift-Dir - straight line, f/p - orc wizard
Aim: an orc wizard, wielding a +0 dagger and wearing a +0 robe (heavily wounded, fast)
The orc wizard is severely wounded.
You feel life coursing into your body. The orc wizard closely misses you.
The orc wizard casts a spell at you. The puff of flame hits you!
The fire burns you terribly!
You die...

#.###########.......###......#
#................#..# #.......
#.###########.#.##..######.#.#
####.# #.#.##..##.# #.#.#
#....# #.#)##..##.###.#.#
####.# #.#.##............ #.#
#.####..##.###.#.# #.#
#.####..##.....#.# #.#
#@o........###.#.. #.#
#.####............ #.#
####.####..##..##.... #.#
#..........##..##.... #.#
#..........##........ #.#
#..........##.#.#..#. #.#
##.....##............ #.#
#.....######.#....#. #.#
#.....######.##...#.


You could see an orc wizard.

Vanquished Creatures
  An orc wizard (D:2)
  An orc priest (D:2)
  4 adders
  An ooze (D:3)
  A worm (D:3)
  2 dart slugs
  2 leopard geckos (D:2)
  7 orcs
  9 bats
  3 giant cockroaches
  6 goblins
  10 hobgoblins
  9 jackals
  2 kobolds
  2 quokkas
  2 ball pythons (D:2)
  2 frilled lizards (D:3)
  2 rats (D:1)
66 creatures vanquished.

Vanquished Creatures (collateral kills)
  An adder (D:2)
  A worm (D:2)
  A giant cockroach (D:2)
  A goblin (D:2)
  2 frilled lizards
6 creatures vanquished.

Grand Total: 72 creatures vanquished

Notes
Turn   | Place    | Note
-------+----------+-------------------------------------------
     0 | D:1      | ANON1729 the Mummy Necromancer began the quest for the Orb.
     0 | D:1      | Reached XP level 1. HP: 13/13 MP: 4/4
   305 | D:1      | Reached XP level 2. HP: 19/19 MP: 2/5
   434 | D:1      | Learned a level 1 spell: Animate Skeleton
   490 | D:1      | You fall through a shaft!
   566 | D:2      | Found an opulent altar of Gozag.
   575 | D:2      | Reached XP level 3. HP: 16/24 MP: 3/7
   685 | D:2      | Found a burning altar of Makhleb.
  1388 | D:2      | Found a radiant altar of Vehumet.
  1675 | D:2      | Reached XP level 4. HP: 30/30 MP: 6/9
  1920 | D:2      | Learned a level 3 spell: Vampiric Draining
  1925 | D:2      | Learned a level 4 spell: Animate Dead
  2105 | D:3      | Found a blossoming altar of Fedhas.
  2895 | D:2      | Reached XP level 5. HP: 7/35 MP: 3/11
  3200 | D:3      | Reached skill level 5 in Necromancy
  3976 | D:3      | Killed from afar by an orc wizard

Skill      XL: |  1  2  3  4  5 |
---------------+----------------+-----
Spellcasting   | 3 4 |  4.4
Stealth        | 2 |  2.5
Dodging        | 2 |  2.3
Necromancy     | 5 |  5.0
Staves         | |  0.9

Action                   |  1- 3 |  4- 6 || total
-------------------------+-------+-------++-------
Melee: Unarmed           |     7 |       ||     7
       Club              |    66 |       ||    66
       Staff             |     6 |    51 ||    57
 Cast: Pain              |    47 |    55 ||   102
       Animate Skeleton  |     4 |     2 ||     6
       Vampiric Draining |       |     9 ||     9
 Stab: Sleeping          |     3 |     1 ||     4
Armor: Robe              |    22 |     6 ||    28
Dodge: Dodged            |    80 |    61 ||   141
